Unix NetHack Version 5.0.0-0 post-release - last build May 23 2026 06:08:33 (1c0ff79ee797540d5714e4e18072db0edd9e58ae,branch:main).

Game began 2026-05-24 13:59:30, ended 2026-05-24 14:15:57.

Atomicjoy, chaotic male elven Wizard

      ----------------
      |..............|
      |............<.|
      |..............|                                                 |.  ..|
      --------|-.-----         ####################                   #.[....|
              ### #             #             #   #                   #|. ...|
               ######           #                 ###                ##   .@.|
               ##########       #                 ############    ####    -.--
                   #    ##      #                   #     ---.-.- #
                   %     #      #                   #     |.....| #
                   #     #      #                   ##### |.....| #
                   #     ##     #                       # |.....|##
              -----.------.-    #                       ##+......#
              |.....>......|    #                         |.....|
              |............| ####                         |.....|
              |.............##                            -------
              --------------

Atomicjoy the Evoker      St:10 Dx:15 Co:14 In:17 Wi:11 Ch:8  Chaotic
Dlvl:5  $:105 HP:19(19) Pw:18(18) AC:9  Xp:2/20 T:1746  Blind

Latest messages:
 Ouch!  That hurts!
 In what direction? 6
 Ouch!  That hurts!
 Your movements are slowed slightly because of your load.
 Your leg feels better.
 Your movements are now unencumbered.
 In what direction? 6
 Ouch!  That hurts!
 Your movements are slowed slightly because of your load.
 Your right leg is in no shape for kicking.
 Your right leg is in no shape for kicking.
 You feel an unseen monster!
 Your leg feels better.
 Your movements are now unencumbered.
 In what direction? 6
 Ouch!  That hurts!
 In what direction? 6
 Ouch!  That hurts!
 In what direction? 6
 Ouch!  That hurts!
 In what direction? 6
 Ouch!  That hurts!
 In what direction? 6
 Ouch!  That hurts!
 Your movements are slowed slightly because of your load.
 You feel an unseen monster!
 Your leg feels better.
 Your movements are now unencumbered.
 In what direction? 2
 Ouch!  That hurts!
 Are you sure you want to pray? [yn] (n) y
 You begin praying to Anhur.
 You hear convulsive ravings.
 You finish your prayer.
 You feel that Anhur is well-pleased.
 You feel much better.
 You feel an unseen monster!
 Wait!  There's something there you can't see!
 You feel an unseen monster!
 You feel an unseen monster!
 You feel an unseen monster!
 You try to feel what is lying here on the floor.
 You feel here a banded mail.
 You hear some noises.
 You feel an unseen monster!
 You attack thin air.
 Wait!  There's something there you can't see!
 Really quit without saving? [yn] (n) y
 Do you want your possessions identified? [ynq] (y) y
 Do you want to see your attributes? [ynq] (y) q

Inventory:
 Coins    ('$')
  $ - 105 gold pieces
 Weapons  (')')
  t - a +0 orcish dagger
  a - a blessed +1 quarterstaff (weapon in hands)
 Armor    ('[')
  C - an uncursed +0 orcish helm
  b - an uncursed +0 cloak of magic resistance (being worn)
 Comestibles  ('%')
  x - an uncursed cream pie
  o - 5 uncursed food rations
  q - an uncursed lembas wafer
  p - 2 uncursed lichen corpses
 Scrolls  ('?')
  E - an uncursed scroll of destroy armor
  u - an uncursed scroll of enchant armor
  i - 2 uncursed scrolls of remove curse
  w - an uncursed scroll of taming
  j - an uncursed scroll of teleportation
 Spellbooks  ('+')
  F - an uncursed spellbook of charm monster
  y - an uncursed spellbook of haste self
 Potions  ('!')
  s - an uncursed potion of extra healing
  z - a cursed potion of fruit juice
  g - an uncursed potion of gain ability
  v - an uncursed potion of healing
  h - an uncursed potion of invisibility
  D - an uncursed potion of levitation
  r - an uncursed potion of see invisible
  f - 2 uncursed potions of speed
 Rings    ('=')
  d - an uncursed ring of conflict
  e - an uncursed ring of slow digestion (on right hand)
 Wands    ('/')
  c - a wand of locking (0:4)
 Tools    ('(')
  n - an uncursed bell
  m - a magic marker (0:20)
 Gems/Stones  ('*')
  A - an uncursed worthless piece of yellowish brown glass

Atomicjoy the Wizard's attributes:

Background:
 You were an Evoker, a level 2 male elven Wizard.
 You were chaotic, on a mission for Anhur
 who was opposed by Ptah (lawful) and Thoth (neutral).
 You were right-handed.
 You were in the Dungeons of Doom, on level 5.
 You entered the dungeon 1746 turns ago.
 You had 20 experience points, 20 more were needed to attain level 3.

Basics:
 You had all 19 hit points.
 You had all 18 energy points (spell power).
 Your armor class was 9.
 Your wallet contained 105 zorkmids.
 Autopickup was off.

Final Characteristics:
 Your strength was 10 (limit:18).
 Your dexterity was 15 (limit:18).
 Your constitution was 14 (limit:16).
 Your intelligence was 17 (limit:20).
 Your wisdom was 11 (limit:20).
 Your charisma was 8 (limit:18).

Final Status:
 You were temporarily blind.
 You weren't hungry.
 You were unencumbered.
 You were wielding a quarterstaff.
 You had basic skill with quarterstaff.

Final Attributes:
 You were devoutly aligned.
 You were magic-protected.
 You had infravision.
 You had slower digestion.
 You were warded.
 You survived.

Miscellaneous:
 You didn't encounter any bones levels.
 Total elapsed playing time was 16 minutes and 26 seconds.

Major events:
 Turn
    1: Atomicjoy the chaotic male elven Wizard entered the dungeon
  656: entered the Gnomish Mines
 1746: quit

Spells:
 Name                 Level Category     Fail Retention
 force bolt             1   attack         0%  91%-100%
 magic missile          2   attack         0%  91%-100%
 haste self             3   escape        96%  76%-100%

Skills:
 Fighting Skills
   bare handed combat [Unskilled]
   riding             [Unskilled]
 Weapon Skills
   dagger             [Unskilled]
   knife              [Unskilled]
   axe                [Unskilled]
   short sword        [Unskilled]
   club               [Unskilled]
   mace               [Unskilled]
   quarterstaff       [Basic]
   polearms           [Unskilled]
   spear              [Unskilled]
   trident            [Unskilled]
   sling              [Unskilled]
   dart               [Unskilled]
   shuriken           [Unskilled]
 Spellcasting Skills
   attack spells      [Basic]
   healing spells     [Unskilled]
   divination spells  [Unskilled]
   enchantment spells [Basic]
   clerical spells    [Unskilled]
   escape spells      [Unskilled]
   matter spells      [Unskilled]

Voluntary challenges:
 Character rerolling was not enabled.
 You never genocided any monsters.
 You never polymorphed an object.
 You never changed form.
 You used no wishes.
Achievements:
 You entered the Gnomish Mines.
 You entered a shop.

 The Dungeons of Doom: levels 1 to 5
    Level 1:
    Level 2:
       An altar.
       Stairs down to The Gnomish Mines.
    Level 3:
       Many altars, a fountain.
    Level 4:
       A general store, a fountain.
    Level 5: <- You were here.
 The Gnomish Mines:
    Level 3:


Vanquished creatures:
  a werejackal
 an acid blob
  a coyote
  4 giant rats
  a gecko
  5 jackals
  3 goblins
  2 grid bugs
  3 lichens
  4 newts
25 creatures vanquished.

No species were genocided or became extinct.

Goodbye Atomicjoy the Wizard...

You quit in The Dungeons of Doom on dungeon level 5 with 385 points,
and 105 pieces of gold, after 1746 moves.
You were level 2 with a maximum of 19 hit points when you quit.

